 Dungeon Crawl Stone Soup version 0.21.1-1-g345015fe64 (webtiles) character file.

617 Gargoyl the Chopper (level 7, -5/59 HPs)
             Began as a Centaur Abyssal Knight on Apr 17, 2018.
             Was a Priest of Lugonu.
             Slain by an ice beast (9 damage)
             ... on level 5 of the Dungeon.
             The game lasted 00:07:20 (4590 turns).

Gargoyl the Chopper (Centaur Abyssal Knight)        Turns: 4590, Time: 00:07:21

Health: -5/59      AC: 16    Str: 14    XL:     7   Next: 21%
Magic:  8/8        EV:  0    Int: 11    God:    Lugonu [***...]
Gold:   286        SH:  0    Dex: 11    Spells: 6/6 levels left

rFire    . . .     SeeInvis .   a - +1 hand axe
rCold    . . .     Gourm    .   (no shield)
rNeg     . . .     Faith    .   o - +0 plate armour
rPois    .         Spirit   .   (no helmet)
rElec    .         Reflect  .   q - +0 cloak (curse)
rCorr    .         Harm     .   (no gloves)
MR       .....                  d - +1 centaur barding {Stlth+}
Stlth    ..........             (no amulet)
HPRegen  0.19/turn              (no ring)
MPRegen  0.11/turn              (no ring)

@: very quick
A: large, hooves 3, deformed body, speed 2, tough skin 3
a: Depart the Abyss, Bend Space, Banish, Renounce Religion


You were on level 5 of the Dungeon.
You worshipped Lugonu.
Lugonu was most pleased with you.
You were near starving.

You visited 1 branch of the dungeon, and saw 5 of its levels.
You visited the Abyss 1 time.

You collected 286 gold pieces.

Inventory:

Hand Weapons
 a - a +1 hand axe (weapon)
Armour
 d - a +1 centaur barding of stealth (worn)
 o - a +0 plate armour (worn)
 q - a cursed +0 cloak (worn)
Wands
 e - a wand of iceblast (9)
Scrolls
 h - a scroll of remove curse
 j - a scroll of identify
 k - 3 scrolls of amnesia
Potions
 b - 4 potions of curing
 g - a potion of mutation {unknown}
 i - 2 potions of agility
 l - a potion of resistance
 m - a potion of lignification
 n - a potion of brilliance
 p - a potion of flight {unknown}
Comestibles
 c - 7 rations


   Skills:
 + Level 4.0 Fighting
 + Level 4.8 Axes
 + Level 3.5 Armour
 + Level 1.7 Dodging
 + Level 0.8 Stealth
 + Level 2.2 Invocations


You had 6 spell levels left.
You didn't know any spells.

Dungeon Overview and Level Annotations

Branches:
Dungeon (5/15)
 Temple: D:4-7

Altars:
Qazlal


Innate Abilities, Weirdness & Mutations

You have hooves in place of feet.
Armour fits poorly on your strangely shaped body.
You cover ground very quickly.
You have extremely tough skin. (AC +3)


Message History

The stone hits you but does no damage.
The sky beast hits you but does no damage.
You hit the sky beast. Your kick misses the sky beast.
The sky beast is lightly wounded.
Your plate armour prevents you from hitting the ice beast.
The ice beast hits you but does no damage.
The orc throws a stone.
The stone hits you but does no damage.
The sky beast hits you but does no damage.
You closely miss the sky beast. You kick the sky beast.
The sky beast is moderately wounded.
You hit the ice beast. The ice beast hits you.
* * * LOW HITPOINT WARNING * * *
The ice beast freezes you!
* * * LOW HITPOINT WARNING * * *
The orc throws a stone.
The stone hits you but does no damage.
The sky beast hits you but does no damage.
The ice beast hits you.
* * * LOW HITPOINT WARNING * * *
The ice beast freezes you!
You die...

#..#....##.#
#.......##.##
#...........#
#.##........#
#......##...##
#.............
#...>.##..#.##
.#.########.##..##..#.#
..o.....@Y..##.)[.)...###
..###..Y##########.#.....
#...# #.......### #...#
#.##.#รท.## #...# #.
#.).).# #...#
#####.####...## ...##
#.......##...<. ...# #.#
#..........
##.#####.#######


You could see an ice beast, a sky beast and an orc.

Vanquished Creatures
  A phantom (D:5)
  A hound (D:4)
  A bullfrog skeleton (D:5)
  4 orc priests
  An iguana (D:4)
  An orc wizard (D:5)
  A worker ant (D:4)
  2 hound zombies (D:5)
  2 hound skeletons (D:4)
  3 howler monkey skeletons
  5 adders
  2 oozes (D:3)
  An adder skeleton (D:4)
  2 worms
  A dart slug (D:1)
  7 leopard geckos
  18 orcs
  2 ball pythons
  9 bats
  7 giant cockroaches
  4 hobgoblins
  9 jackals
  13 kobolds
  A quokka (D:3)
  3 frilled lizards
  7 goblins
  13 rats
121 creatures vanquished.

Notes
Turn   | Place    | Note
-------+----------+-------------------------------------------
     0 | Abyss:1  | Gargoyl the Centaur Abyssal Knight began the quest for the Orb.
     0 | Abyss:1  | Reached XP level 1. HP: 19/19 MP: 2/2
   106 | Abyss:2  | Found a corrupted altar of Lugonu.
   148 | Abyss:2  | Identified a scroll of acquirement
   209 | Abyss:2  | Noticed a starcursed mass
   238 | Abyss:2  | Noticed a small abomination
   259 | Abyss:3  | Found a corrupted altar of Lugonu.
   273 | Abyss:3  | Noticed a neqoxec
   273 | D:1      | Escaped the Abyss
   520 | D:1      | Reached * piety under Lugonu
   744 | D:1      | Reached XP level 2. HP: 20/26 MP: 3/3
  1236 | D:2      | Reached XP level 3. HP: 29/31 MP: 4/4
  1515 | D:2      | Reached skill level 1 in Dodging
  1576 | D:2      | Reached XP level 4. HP: 21/38 MP: 5/5
  1604 | D:2      | Reached ** piety under Lugonu
  2395 | D:3      | Reached XP level 5. HP: 45/45 MP: 6/6
  2681 | D:3      | Found a stormy altar of Qazlal.
  2823 | D:3      | Reached *** piety under Lugonu
  3235 | D:4      | Reached XP level 6. HP: 26/51 MP: 7/7
  4109 | D:5      | Entered Level 5 of the Dungeon
  4151 | D:5      | Noticed a sky beast
  4514 | D:5      | Reached XP level 7. HP: 59/59 MP: 8/8
  4590 | D:5      | Slain by an ice beast

Skill      XL: |  1  2  3  4  5  6 |
---------------+-------------------+-----
Axes           | 2 3 4 |  4.8
Armour         | 2 3 |  3.5
Dodging        | 1 |  1.7
Fighting       | 4 |  4.0
Stealth        | |  0.8
Invocations    | |  2.2

Action                   |  1- 3 |  4- 6 |  7- 9 || total
-------------------------+-------+-------+-------++-------
Melee: Hand axe          |   109 |   263 |    22 ||   394
       Kick              |    17 |    61 |     3 ||    81
Invok: Depart the Abyss  |     1 |       |       ||     1
  Use: Scroll            |     5 |     7 |       ||    12
 Stab: Sleeping          |     1 |     3 |       ||     4
       Distracted        |       |     1 |       ||     1
  Eat: Chunk             |     1 |     7 |       ||     8
Armor: Ring mail         |   116 |   103 |       ||   219
       Plate armour      |       |   156 |    27 ||   183
Dodge: Dodged            |    49 |    59 |     1 ||   109
